Map: 포트 알렉산더 - 래더

Players

Patience

  • Race: Protoss Protoss
  • Spawn Location: 11:00

herO - Winner!

  • Race: Protoss Protoss
  • Spawn Location: 5:00

Event: IEM Season 13: Katowice (2019)

VOD

Have the link to the VOD?

Description

Time

  • Played on: Feb. 28, 2019, 7:59 a.m.
  • Length: 11:35

All games in this series

Show
View Real Time Build Order
Export as new Build Order

Patience Protoss 

Build Orders: Archon Immortal 

Get SALT Encoding   

  12  0:00  Probe  
  13  0:12  Probe  
  14  0:18  Pylon  
  14  0:22  Probe  
  15  0:32  Probe  
  15  0:38  Gateway  
  15  0:41  Probe  
  16  0:46  Assimilator  
  17  0:52  Probe  
  17  0:55  Assimilator  
  18  1:00  Probe  
  18  1:08  Probe  
  18  1:09  Gateway  
  20  1:20  Probe  
  21  1:27  Cybernetics Core  
  21  1:32  Probe  
  22  1:37  Pylon  
  22  1:44  Probe  
  23  1:48  Warp Gate  
  23  1:56  Probe  
  24  2:03  Adept x2  
  28  2:14  Pylon  
  28  2:27  Probe  
  29  2:33  Sentry  
  29  2:34  Sentry  
  33  2:41  Probe  
  34  2:54  Nexus  
  35  3:02  Sentry x2  
  38  3:06  Pylon  
  38  3:09  Probe  
  39  3:16  Shield Battery  
  39  3:24  Probe  
  40  3:28  Robotics Facility  
  39  3:37  Adept  
  39  3:39  Adept  
  43  3:42  Probe  
  44  3:54  Probe  
  45  4:04  Adept  
  45  4:05  Adept  
  45  4:06  Probe  
  45  4:07  Probe  
  51  4:18  Probe, Twilight Council, Warp Prism  
  51  4:22  Probe  
  53  4:30  Probe  
  56  4:35  Probe  
  57  4:43  Probe  
  58  4:46  Immortal  
  59  4:56  Resonating Glaives  
  62  5:00  Pylon  
  62  5:06  Pylon  
  62  5:21  Immortal  
  64  5:24  Gateway x2  
  64  5:26  Gateway  
  64  5:27  Gateway  
  66  5:40  Probe x2  
  68  5:47  Sentry x2  
  72  5:50  Pylon  
  72  5:52  Pylon  
  72  5:58  Pylon  
  72  5:59  Immortal  
  76  6:12  Probe x2  
  76  6:14  Assimilator  
  76  6:16  Assimilator  
  78  6:21  Dark Shrine  
  78  6:24  Probe x2  
  80  6:31  Immortal  
  80  6:35  Forge  
  80  6:36  Probe x2  
  82  6:41  Pylon  
  86  6:48  Probe x2  
  88  6:58  Protoss Ground Weapons Level 1  
  88  7:22  Pylon  
  92  7:24  Pylon  
  92  7:32  Nexus  
  92  7:34  Pylon  
  92  7:39  Dark Templar x2  
  92  7:40  Immortal  
  92  7:43  Pylon  
  96  7:44  Pylon  
  96  7:48  Dark Templar x2  
  100  8:04  Photon Cannon  
  96  8:25  Dark Templar x2  
  96  8:26  Adept x2  
  104  8:29  Archon, Gateway, Colossus x2  
  104  8:31  Gateway  
  104  8:36  Dark Templar  
  104  8:37  Dark Templar  
  104  8:38  Archon  
  104  8:39  Pylon  
  108  8:41  Archon  
  108  8:48  Adept x2  
  108  8:50  Immortal  
  116  9:01  Adept x2  
  120  9:16  Pylon  
  119  9:21  Adept x4  
  119  9:22  Adept  
  130  9:31  Observer  
  130  9:36  Pylon x2  
  130  9:50  Colossus x2  
  130  9:51  Colossus  
  130  9:52  Dark Templar x2  
  134  10:00  Adept x4  
  134  10:03  Archon  
  142  10:35  Dark Templar  
  142  10:36  Dark Templar x3  
  142  10:37  Adept x2  
  142  10:39  Archon  
  142  10:40  Archon  
  142  10:41  Adept x2  
  139  11:08  Adept x8  
Show
View Real Time Build Order
Export as new Build Order

herO Protoss - Winner!

Build Orders: Phoenix Opening, Zealot Archon 

Get SALT Encoding   

  12  0:00  Probe  
  13  0:12  Probe  
  14  0:17  Pylon  
  14  0:23  Probe  
  15  0:32  Probe  
  15  0:38  Gateway  
  15  0:40  Probe  
  16  0:47  Assimilator  
  17  0:51  Probe  
  18  0:58  Assimilator  
  18  1:00  Probe  
  19  1:09  Probe  
  19  1:10  Gateway  
  19  1:18  Probe  
  21  1:27  Cybernetics Core  
  21  1:30  Probe  
  22  1:39  Pylon  
  22  1:42  Probe  
  23  1:53  Warp Gate  
  23  1:57  Probe  
  24  2:03  Stalker  
  28  2:10  Sentry  
  28  2:12  Pylon  
  28  2:33  Sentry  
  29  2:40  Sentry  
  29  2:42  Nexus  
  29  2:43  Phoenix  
  31  2:49  Shield Battery  
  31  2:52  Probe  
  32  2:59  Stalker  
  34  3:10  Pylon  
  34  3:14  Stalker  
  34  3:18  Probe  
  37  3:30  Probe  
  37  3:31  Robotics Facility  
  38  3:42  Probe  
  38  3:44  Adept  
  41  3:51  Probe  
  41  3:52  Probe  
  41  3:53  Adept  
  45  3:59  Probe  
  45  4:00  Probe  
  45  4:06  Phoenix  
  45  4:08  Probe, Shield Battery  
  47  4:10  Probe  
  47  4:15  Immortal  
  49  4:22  Probe x2  
  51  4:30  Pylon  
  55  4:34  Probe x2  
  57  4:40  Forge  
  57  4:46  Adept x2  
  57  4:48  Probe  
  62  4:53  Probe  
  62  4:54  Immortal  
  62  4:57  Pylon  
  67  5:07  Protoss Ground Weapons Level 1  
  67  5:10  Adept  
  67  5:12  Probe  
  70  5:15  Probe  
  70  5:20  Pylon  
  71  5:23  Stalker  
  75  5:37  Twilight Council, Stalker  
  75  5:41  Gateway  
  75  5:42  Observer  
  76  5:46  Gateway  
  76  5:48  Gateway  
  76  5:55  Gateway  
  76  5:57  Gateway  
  76  6:02  Gateway  
  76  6:03  Warp Prism  
  76  6:11  Adept x2  
  82  6:23  Pylon, Shield Battery  
  82  6:25  Charge  
  82  6:33  Probe x2  
  82  6:34  Assimilator  
  82  6:35  Assimilator  
  82  6:36  Protoss Ground Weapons Level 2  
  84  6:45  Probe x2  
  84  6:46  Pylon  
  86  6:48  Templar Archives  
  84  6:56  Zealot x4  
  84  6:58  Pylon  
  92  7:08  Pylon  
  92  7:10  Pylon  
  92  7:11  Probe x2  
  91  7:17  Pylon  
  91  7:25  Probe  
  91  7:27  Zealot x2  
  96  7:35  Zealot, High Templar x2  
  102  7:39  Archon  
  102  7:42  Observer  
  103  7:46  Photon Cannon  
  103  7:49  Photon Cannon  
  103  7:58  Zealot x4  
  111  8:07  Pylon  
  110  8:22  High Templar  
  110  8:23  Zealot x5, High Templar  
  124  8:28  Archon  
  124  8:32  Pylon  
  124  8:50  Zealot, High Templar x2  
  124  8:51  Zealot x3  
  124  8:52  Pylon  
  124  8:55  Zealot, Archon  
  136  9:14  Nexus  
  136  9:17  Zealot x2, High Templar x2  
  138  9:21  Archon  
  144  9:33  Pylon  
  144  9:35  Observer  
  144  9:37  Immortal  
  148  9:51  Zealot x3  
  154  9:58  Pylon  
  154  10:03  Pylon  
  154  10:16  Shield Battery  
  154  10:17  Shield Battery  
  154  10:23  High Templar x2  
  154  10:27  Pylon, Archon  
  158  10:34  Pylon  
  158  10:37  Pylon x2  
  158  10:45  Zealot, High Templar x2  
  158  10:47  Pylon  
  164  10:50  Observer  
  164  10:56  Archon  
  152  11:04  Zealot x2, High Templar x2  
  146  11:08  Zealot, Archon  
  154  11:19  Zealot x3  

Tags
 
Add a new tag
Caveats
  • Supply blocks, unpowered buildings, or Contaminate may cause inaccurate times.
  • Supply counts are checked every 10 seconds.